 Dungeon Crawl Stone Soup version 0.31-a0-188-g5e087ee2ca (webtiles) character file.

Game seed: 13239279843098428855

1246 qw the Skirmisher (level 8, -8/46 HPs)
             Began as a Deep Elf Hunter on June 23, 2023.
             Was an Initiate of Okawaru.
             Mangled by Maggie
             ... wielding a +2 halberd of flaming
              (11 damage)
             ... on level 6 of the Dungeon.
             The game lasted 00:01:59 (4362 turns).

qw the Skirmisher (Deep Elf Hunter)                 Turns: 4362, Time: 00:02:00

Health: -8/46      AC:  9    Str: 10    XL:     8   Next: 25%
Magic:  10/10      EV: 12    Int: 15    God:    Okawaru [......]
Gold:   157        SH:  0    Dex: 18    Spells: 7/7 levels left

rFire   . . .        m - +0 orcbow
rCold   . . .        (shield currently unavailable)
rNeg    . . .        k - +0 ring mail
rPois   +            e - +1 helmet
rElec   .            f - +0 cloak
rCorr   .            i - +0 pair of gloves
SInv    .            (no boots)
Will    +....        (no amulet)
Stlth   +            Y - ring of willpower
HPRegen 0.27/turn    d - ring of poison resistance
MPRegen 0.12/turn

%: no passive effects
@: mesmerised
A: no striking features
a: Renounce Religion


You were on level 6 of the Dungeon.
You worshipped Okawaru.
Okawaru was noncommittal.
You visited 1 branch of the dungeon, and saw 6 of its levels.

You collected 285 gold pieces.
You spent 128 gold pieces at shops.


   Skills:
 - Level 3.0 Fighting
 + Level 12.6 Ranged Weapons
 - Level 1.1 Armour
 - Level 4.0 Dodging
 - Level 1.2 Stealth


You had 7 spell levels left.
You didn't know any spells.
Your spell library was empty.

Inventory:

Hand Weapons
 m - a +0 orcbow (weapon)
Armour
 e - a +1 helmet (worn)
 f - a +0 cloak (worn)
 i - a +0 pair of gloves (worn)
 k - a +0 ring mail (worn)
Jewellery
 d - a ring of poison resistance (right hand)
 h - a +6 ring of strength
 n - a ring of willpower
 Y - a ring of willpower (left hand)
Scrolls
 a - a scroll of identify
Potions
 b - a potion of curing
 c - a potion of might
 g - a potion of resistance

Dungeon Overview and Level Annotations

Branches:
Dungeon (6/15)
 Temple: D:4-7

Altars:
Hepliaklqana
Nemelex Xobeh
Okawaru
Ru
Yredelemnul

Shops:
D:4 [!(

Annotations:
D:6 Maggie


Message History

Maggie is moderately wounded.
Maggie casts a spell at you. The bolt of fire hits you!!
You shoot an arrow. The arrow hits Maggie.
Maggie is moderately wounded.
Maggie hits you from afar with a +2 halberd of flaming.
Maggie burns you.
You shoot an arrow. The arrow hits Maggie.
Maggie is heavily wounded.
Maggie misses you.
You shoot an arrow.
The arrow hits Maggie but does no damage.
Maggie is heavily wounded.
Maggie misses you.
You shoot an arrow.
The arrow hits Maggie but does no damage.
Maggie is heavily wounded.
Maggie barely misses you.
Maggie hits you from afar with a +2 halberd of flaming!
Maggie burns you.
4358 ||| DRINKING potion of heal wounds.
You feel much better. Maggie barely misses you.
The iguana hisses menacingly.
You shoot an arrow.
The arrow hits Maggie but does no damage.
Maggie is heavily wounded.
Maggie hits you from afar with a +2 halberd of flaming!
Maggie burns you.
You shoot an arrow. The arrow hits Maggie!
Maggie is heavily wounded.
Maggie hits you from afar with a +2 halberd of flaming!!
Maggie burns you!
You shoot an arrow. The arrow hits Maggie.
Maggie is severely wounded.
Maggie barely misses you.
You shoot an arrow. The arrow closely misses Maggie.
The arrow hits the iguana.
The iguana is heavily wounded.
Maggie hits you from afar with a +2 halberd of flaming!
You die...

....##..
....######## #.#
............ ...
....######## #.#
....# #.# ....###
#l# ......# #@#
##....#### #.#
##.......# #@#
.........# #.#
##.......# #.#
##.......# #.#
##.......# #.#
.#.......# #.#
.##.###### #.#
.##.# #.#
.##.############.#


You could see Maggie (mesmerising) and an iguana.

Vanquished Creatures
  Sigmund (D:2)
  An orc warrior (D:5)
  An ice beast (D:5)
  2 black bears (D:5)
  A gnoll sergeant (D:6)
  A howler monkey (D:5)
  A hound (D:5)
  An orc priest (D:6)
  A sleepcap (D:5)
  Ijyb (D:3)
  3 iguanas
  4 orc wizards (D:5)
  10 adders
  11 gnolls
  4 worms
  A dart slug (D:1)
  26 orcs
  4 ball pythons
  6 bats
  8 endoplasms
  4 giant cockroaches
  7 hobgoblins
  6 jackals
  3 quokkas
  3 frilled lizards (D:1)
  10 goblins
  5 kobolds
  4 rats
130 creatures vanquished.

Notes
Turn   | Place    | Note
-------+----------+-------------------------------------------
     0 | D:1      | qw the Deep Elf Hunter began the quest for the Orb.
     0 | D:1      | Reached XP level 1. HP: 12/12 MP: 3/3
     0 | D:1      | 0 ||| qw: Version: 0.3-a-9-g12657ce
     0 | D:1      | 0 ||| qw: Game counter: 3267
     0 | D:1      | 0 ||| qw: Always use a shield: true
     0 | D:1      | 0 ||| qw: God list: Okawaru
     0 | D:1      | 0 ||| qw: Allow faded altars: false
     0 | D:1      | 0 ||| qw: Do Orc after D:15 true
     0 | D:1      | 0 ||| qw: Do second Lair branch before Depths: true
     0 | D:1      | 0 ||| qw: Lair rune preference: random
     0 | D:1      | 0 ||| qw: Plans: Normal
     0 | D:1      | 0 ||| PLANNING D:1-11
   139 | D:1      | Reached skill level 6 in Ranged Weapons
   139 | D:1      | Reached XP level 2. HP: 14/16 MP: 4/4
   248 | D:1      | Reached XP level 3. HP: 11/20 MP: 5/5
   304 | D:1      | Reached skill level 7 in Ranged Weapons
   731 | D:1      | 731 ||| UPGRADING to +2 hat.
   736 | D:1      | 736 ||| UPGRADING to +0 cloak.
   741 | D:1      | 741 ||| UPGRADING to +0 pair of gloves.
   746 | D:1      | 746 ||| READING 4 scrolls labelled SACWEYN RIG.
   747 | D:1      | 747 ||| READING scroll labelled PEDEK ISKAUNO.
   748 | D:1      | 748 ||| READING scroll labelled SODGHO UPNU.
   749 | D:1      | 749 ||| READING scroll labelled CUIMIN FOVUERGH.
   750 | D:1      | 750 ||| DROPPING scroll of butterflies.
   921 | D:2      | Reached XP level 4. HP: 25/25 MP: 6/6
  1036 | D:2      | Noticed Sigmund
  1038 | D:2      | Killed Sigmund
  1039 | D:2      | Reached skill level 9 in Ranged Weapons
  1039 | D:2      | Reached XP level 5. HP: 23/29 MP: 7/7
  1213 | D:2      | Reached skill level 3 in Dodging
  1319 | D:2      | 1319 ||| UPGRADING to +0 scale mail.
  1329 | D:2      | 1329 ||| DROPPING +0 leather armour.
  1330 | D:2      | 1330 ||| READING scroll labelled PEMODI DOSHEGEUN.
  1331 | D:2      | 1331 ||| READING scroll labelled MUYJAI DOSTUF.
  1332 | D:2      | 1332 ||| READING 3 scrolls of identify.
  1332 | D:2      | 1332 ||| IDENTIFYING dark potion
  1333 | D:2      | 1333 ||| READING 2 scrolls of identify.
  1333 | D:2      | 1333 ||| IDENTIFYING fuming grey potion
  1334 | D:2      | 1334 ||| DROPPING potion of degeneration.
  1336 | D:2      | 1336 ||| Stepping ~*~*~tactically~*~*~ (cloud).
  1340 | D:2      | HP: 6/29 [poisoned by you (poison gas)]
  1366 | D:2      | HP: 6/29 [kobold/stone (2)]
  1511 | D:2      | 1511 ||| READING scroll labelled DOGRAO KUIPSORPH.
  1678 | D:3      | Noticed Ijyb
  1682 | D:3      | Killed Ijyb
  1683 | D:3      | Reached skill level 1 in Armour
  1683 | D:3      | Reached XP level 6. HP: 20/34 MP: 8/8
  1739 | D:3      | Found a sparkling altar of Nemelex Xobeh.
  1739 | D:3      | Found a basalt altar of Yredelemnul.
  1740 | D:3      | Found a sacrificial altar of Ru.
  2233 | D:3      | 2233 ||| UPGRADING to +1 helmet.
  2243 | D:3      | 2243 ||| DROPPING +2 hat.
  2244 | D:3      | 2244 ||| DROPPING amulet of magic regeneration.
  2373 | D:4      | Found Regi Kum's Antique Weapon Boutique.
  2382 | D:4      | 2382 ||| BUYING glowing sling (76 gold).
  2382 | D:4      | Bought a glowing sling for 76 gold pieces
  2382 | D:4      | 2382 ||| DROPPING +1 sling of flaming.
  2432 | D:4      | Found Xateuwi's Armour Shoppe.
  2435 | D:4      | 2435 ||| BUYING +0 ring mail (52 gold).
  2435 | D:4      | Bought a +0 ring mail for 52 gold pieces
  2435 | D:4      | 2435 ||| SHOPLISTING +1 ring mail of cold resistance (208
                  | gold, have 35).
  2435 | D:4      | 2435 ||| SHOPLISTING +2 helmet (214 gold, have 35).
  2435 | D:4      | 2435 ||| SHOPLISTING +2 ring mail of cold resistance (273
                  | gold, have 35).
  2435 | D:4      | 2435 ||| SHOPLISTING -2 hat of the Alchemist {rElec rPois
                  | rF+ rC+ rN+ Will+ rMut rCorr} (613 gold, have 35).
  2439 | D:4      | Found Nathrenwu's Distillery.
  2442 | D:4      | 2442 ||| SHOPLISTING 2 potions of mutation (208 gold, have
                  | 35).
  2442 | D:4      | 2442 ||| SHOPLISTING potion of heal wounds (65 gold, have
                  | 35).
  2637 | D:4      | Found a hazy altar of Hepliaklqana.
  2764 | D:4      | 2764 ||| UPGRADING to +0 ring mail.
  2774 | D:4      | 2774 ||| DROPPING +0 scale mail.
  2775 | D:4      | 2775 ||| UPGRADING to ring of willpower.
  2776 | D:4      | 2776 ||| UPGRADING to ring of willpower.
  2777 | D:4      | 2777 ||| READING scroll labelled WUAGRAKAPT.
  2878 | D:4      | 2878 ||| READING scroll labelled LUVALLURUCH.
  2879 | D:4      | 2879 ||| DRINKING 3 fizzy coppery potions.
  2880 | D:4      | 2880 ||| READING 3 scrolls of identify.
  2880 | D:4      | 2880 ||| IDENTIFYING sapphire potion
  2900 | D:5      | Entered Level 5 of the Dungeon
  2926 | D:5      | Reached skill level 10 in Ranged Weapons
  2926 | D:5      | Reached XP level 7. HP: 36/40 MP: 9/9
  3024 | D:5      | Identified the +0 rapier of Uskayaw {venom, Str+5 Stlth+}
  3057 | D:5      | Reached skill level 11 in Ranged Weapons
  3242 | D:5      | Found an iron altar of Okawaru.
  3243 | D:5      | 3243 ||| PLANNING OKAWARU WORSHIP
  3252 | D:5      | Became a worshipper of Warmaster Okawaru
  3253 | D:5      | 3253 ||| PLANNING D:1-11
  3482 | D:5      | 3482 ||| UPGRADING to ring of poison resistance.
  3484 | D:5      | 3484 ||| READING 3 scrolls of identify.
  3484 | D:5      | 3484 ||| IDENTIFYING glowing coppery potion
  3506 | D:6      | 3506 ||| STAIRDANCE
  3526 | D:6      | 3526 ||| STAIRDANCE
  3531 | D:5      | Reached skill level 12 in Ranged Weapons
  3761 | D:6      | Reached skill level 3 in Fighting
  3766 | D:6      | Reached XP level 8. HP: 36/46 MP: 10/10
  3767 | D:6      | HP: 8/46 [gnoll/+0 halberd (4)]
  3768 | D:6      | 3768 ||| DRINKING 2 potions of heal wounds.
  3911 | D:6      | 3911 ||| Stepping ~*~*~tactically~*~*~ (outnumbered).
  3912 | D:6      | 3912 ||| FLEEEEING.
  3915 | D:6      | 3915 ||| FLEEEEING.
  3916 | D:6      | 3916 ||| FLEEEEING.
  3921 | D:6      | 3921 ||| FLEEEEING.
  3922 | D:6      | 3922 ||| FLEEEEING.
  3923 | D:6      | 3923 ||| FLEEEEING.
  3924 | D:6      | 3924 ||| FLEEEEING.
  3926 | D:6      | 3926 ||| FLEEEEING.
  3927 | D:6      | 3927 ||| FLEEEEING.
  3929 | D:6      | 3929 ||| STAIRDANCE
  3982 | D:5      | 3982 ||| READING 2 scrolls of identify.
  3982 | D:5      | 3982 ||| IDENTIFYING lumpy white potion
  3983 | D:5      | 3983 ||| DROPPING potion of brilliance.
  3987 | D:6      | 3987 ||| STAIRDANCE
  4007 | D:6      | 4007 ||| STAIRDANCE
  4033 | D:6      | 4033 ||| STAIRDANCE
  4061 | D:6      | 4061 ||| STAIRDANCE
  4101 | D:6      | 4101 ||| STAIRDANCE
  4170 | D:6      | 4170 ||| STAIRDANCE
  4230 | D:6      | 4230 ||| STAIRDANCE
  4265 | D:5      | 4265 ||| SWAPPING to +0 orcbow.
  4266 | D:5      | 4266 ||| DROPPING +0 heavy shortbow.
  4345 | D:6      | Noticed Maggie
  4357 | D:6      | HP: 11/46 [Maggie/+2 halberd of flaming (9)]
  4358 | D:6      | 4358 ||| DRINKING potion of heal wounds.
  4360 | D:6      | HP: 2/46 [Maggie/+2 halberd of flaming (8)]
  4362 | D:6      | Mangled by Maggie

Levels and vault maps discovered:
D:1:      erik_arrival_orb_chamber, layout_loops_ring,
          chequers_serial_rivers_micro_c
D:2:      layout_basic, serial_bayou_lagoon_b, uniq_sigmund
D:3:      layout_loops_ring, gammafunk_temple_overflow_forgotten, uniq_ijyb
D:4:      layout_cave_pools, kennysheep_mini_moat, serial_shops, shop, shop,
          shop_statue
D:5:      layout_basic, okawaru_metal_pillars_3
D:6:      layout_basic, uniq_maggie

Skill      XL: |  1  2  3  4  5  6  7  8 |
---------------+-------------------------+-----
Ranged Weapons | 6 7 9 10 12 | 12.6
Dodging        | 3 4 |  4.0
Armour         | 1 |  1.1
Fighting       | 2 3 |  3.0
Stealth        | |  1.2

Action                     |  1- 3 |  4- 6 |  7- 9 || total
---------------------------+-------+-------+-------++-------
   Fire: Shortbow          |   108 |   127 |   117 ||   352
         Orcbow            |       |       |    21 ||    21
    Use: Scroll            |     4 |     8 |     2 ||    14
         Potion            |       |     1 |     2 ||     3
 Armour: Leather armour    |    14 |     2 |       ||    16
         Scale mail        |       |    33 |       ||    33
         Ring mail         |       |     5 |    43 ||    48
  Dodge: Dodged            |    35 |    30 |    54 ||   119

Table legend:
 A = Non-vault XP
 B = Vault XP
 C = Vault XP percentage of total XP
 D = Non-vault monster count
 E = Vault monster count
 F = Vault count percentage of total count
                 A         B        C        D         E       F
            +---------+---------+-------+---------+---------+-------
      Total |    1530 |     250 |  14.0 |     128 |       2 |   1.5
            +---------+---------+-------+---------+---------+-------
        D:1 |      74 |       0 |   0.0 |      36 |       0 |   0.0
        D:2 |      63 |     214 |  77.3 |      12 |       1 |   7.7
        D:3 |      55 |      36 |  39.6 |      20 |       1 |   4.8
        D:4 |     107 |       0 |   0.0 |      12 |       0 |   0.0
        D:5 |     928 |       0 |   0.0 |      28 |       0 |   0.0
        D:6 |     303 |       0 |   0.0 |      20 |       0 |   0.0
            +---------+---------+-------+---------+---------+-------
